 Dungeon Crawl Stone Soup version 0.27.1-33-g824d729ab1 (webtiles) character file.

Game seed: 17901787077592395930

133 comborobin the Skirmisher (level 4, -1/40 HPs)
             Began as a Palentonga Delver on Dec 27, 2021.
             Slain by a gnoll (6 damage)
             ... on level 3 of the Dungeon.
             The game lasted 00:05:25 (3034 turns).

comborobin the Skirmisher (Palentonga Delver)       Turns: 3034, Time: 00:05:26

Health: -1/40      AC:  4    Str: 16    XL:     4   Next: 94%
Magic:  4/4        EV:  9    Int: 11    God:
Gold:   116        SH:  0    Dex:  9    Spells: 3/3 levels left

rFire    + + .     SeeInvis +     - Unarmed
rCold    + . .     Faith    .   (no shield)
rNeg     . . .     Spirit   .   a - +0 leather armour
rPois    .         Reflect  .   (no helmet)
rElec    .         Harm     .   h - scarf {rC+ rF+}
rCorr    .         Rampage  .   (no gloves)
Will     .....                  (no barding)
Stlth    ++........             i - amulet of the acrobat
HPRegen  0.13/turn              (no ring)
MPRegen  0.09/turn              (no ring)

@: studying Staves
A: large, rugged brown scales 3, see invisible, deformed body, roll 1, armoured
tail, claws 1, clumsy 1, fire resistance 1, subdued magic 1
a: Rolling Charge


You were on level 3 of the Dungeon.
You visited 1 branch of the dungeon, and saw 4 of its levels.

You collected 116 gold pieces.

Inventory:

Armour
 a - a +0 leather armour (worn)
 h - a scarf of resistance (worn)
Jewellery
 i - an amulet of the acrobat (around neck)
Wands
 f - a wand of digging (3)
Scrolls
 b - a scroll of fog
 c - 2 scrolls of identify
 d - a scroll of fear
 g - a scroll of blinking
Potions
 e - a potion of flight {unknown}


   Skills:
 + Level 4.7 Fighting
 - Level 1.6 Dodging
 - Level 3.7 Stealth
 + Level 2.8 Unarmed Combat


You had 3 spell levels left.
You didn't know any spells.
Your spell library contained the following spells:

 Spells                   Type           Power      Damage    Failure   Level
 Summon Small Mammal      Summ           0%         N/A       36%         1
 Slow                     Hex            0%         N/A       50%         2
 Call Canine Familiar     Summ           0%         N/A       75%         3
 Confusing Touch          Hex            0%         N/A       75%         3
 Summon Guardian Golem    Hex/Summ       0%         N/A       75%         3
 Vampiric Draining        Necr           0%         2d6       75%         3


Dungeon Overview and Level Annotations

Branches:
Dungeon (5/15)
 Temple: D:4-7

Altars:

Shops:
D:4 [   D:5 [:*(

Annotations:
D:4 1 runed translucent door, dianekeaton's ghost, amateur MiBe


Innate Abilities, Weirdness & Mutations

You are completely covered in rugged brown scales. (AC +3, +7% HP)
You have supernaturally acute eyesight. (SInv)
Armour fits poorly on your strangely shaped body.
You can roll at nearby foes to attack.
You have a long armoured tail.
You have sharp fingernails.
You are clumsy. (Dex -2)
Your flesh is heat resistant. (rF+)
Your spells are a little easier to cast, but a little less powerful.


Message History

You scratch the gnoll. You claw the gnoll.
You kill the gnoll!
The bat hits you but does no damage. The bat completely misses you.
The bat misses you.
Items here: )) †††.
The bat completely misses you.
The gnoll shouts!
You scratch the bat.
You kill the bat!
The gnoll barely misses you. The gnoll completely misses you.
The gnoll shouts!
You scratch the gnoll. Your claw misses the gnoll.
The gnoll is moderately wounded.
You barely miss the gnoll.
Your tail-slap misses the gnoll.
The gnoll closely misses you. The gnoll hits you with a +0 halberd!
You scratch the gnoll.
The gnoll is heavily wounded.
The gnoll closely misses you. The gnoll hits you with a +0 halberd.
You barely miss the gnoll.
The gnoll is heavily wounded.
The gnoll barely misses you. The gnoll hits you with a +0 halberd!
* * * LOW HITPOINT WARNING * * *
You scratch the gnoll but do no damage.
The gnoll is heavily wounded.
The gnoll barely misses you. x2
You claw the gnoll!
You kill the gnoll!
The gnoll hits you with a +0 spear.
* * * LOW HITPOINT WARNING * * *
The gnoll closely misses you.
Items here: )) †††.
The gnoll hits you from afar with a +0 spear.
* * * LOW HITPOINT WARNING * * *
You claw the plant!
The plant begins to die.
The plant is lightly damaged.
You claw the plant!
The plant is lightly damaged.
The gnoll hits you from afar with a +0 spear.
You die...

......)......#
.............#
.............#
#######.######
##########)#
#..........#
#.########g## #.#
###P.# #.#
###..P@# #.#
##..PP♣P# #.#
#P.P♣♣..#
#.###.♣P♣...#
#.##P.♣♣.P..#
######....P♣P..#.#
.........P♣.P....#
######.#.♣..P#.###
#.#.P.###.#


You could see a gnoll.

Vanquished Creatures
  A killer bee zombie (D:5)
  A howler monkey skeleton (D:4)
  3 gnolls (D:3)
  3 adders
  A dart slug (D:3)
  3 orcs
  2 ball pythons (D:3)
  7 bats
  5 endoplasms
  3 giant cockroaches (D:3)
  2 goblins
  4 hobgoblins
  A quokka (D:2)
  3 kobolds
  4 rats
43 creatures vanquished.

Notes
Turn   | Place    | Note
-------+----------+-------------------------------------------
     0 | D:5      | comborobin the Palentonga Delver began the quest for the
                  | Orb.
     0 | D:5      | Reached XP level 1. HP: 19/19 MP: 1/1
    18 | D:5      | Reached XP level 2. HP: 4/25 MP: 2/2
   304 | D:5      | Found Guoffug's Book Emporium.
   311 | D:5      | Found Depnew's Antique Armour Boutique.
   402 | D:5      | Found Xef Sifi's General Store.
   437 | D:5      | Found Kiurr's Antique Weapon Boutique.
   708 | D:4      | Noticed an ogre
   904 | D:4      | Found a runed translucent door.
   909 | D:4      | Noticed dianekeaton's ghost (amateur MiBe)
   948 | D:4      | Found a runed translucent door.
   993 | D:4      | Reached XP level 3. HP: 24/31 MP: 3/3
  1274 | D:4      | Found Nacyfigh's Antique Armour Boutique.
  1420 | D:3      | Reached skill level 4 in Fighting
  1681 | D:3      | Reached XP level 4. HP: 38/39 MP: 4/4
  1693 | D:3      | Gained mutation: You are clumsy. (Dex -2) [potion of
                  | mutation]
  1693 | D:3      | Gained mutation: Your flesh is heat resistant. (rF+)
                  | [potion of mutation]
  1693 | D:3      | Gained mutation: Your spells are a little easier to cast,
                  | but a little less powerful. [potion of mutation]
  1693 | D:3      | Gained mutation: You have sharp fingernails. [potion of
                  | mutation]
  3034 | D:3      | Slain by a gnoll

Illustrated notes

Levels and vault maps discovered:
D:2:      layout_loops_ring, minmay_fountain_box,
          hangedman_decor_clover_reticule, minmay_misc_feat_tiny
D:3:      layout_basic, portal_sewer_entry_e, serial_forest,
          infiniplex_forest_corner_1, infiniplex_forest_straight_2,
          infiniplex_forest_lined_3, infiniplex_forest_straight_1,
          infiniplex_forest_clump_cross, infiniplex_forest_clump_diagonal,
          infiniplex_forest_lined_room_2, infiniplex_forest_lined_corner,
          nicolae_underground_beach, uniq_jessica
D:4:      corexii_shack_village, layout_basic, ebering_ghost_sewer_f,
          serial_shops, nicolae_shop_window_shopping
D:5:      minmay_goblin_kobold_castle, layout_basic, grunt_dithmenos_smoke,
          serial_shops, kennysheep_mini, shop_fountains, shop_statue,
          nicolae_diamond_shop, nicolae_shop_crystal

Skill      XL: |  1  2  3 |
---------------+----------+-----
Fighting       | 4 |  4.7
Dodging        | |  1.6
Stealth        | |  3.7
Unarmed Combat | |  2.8

Action                   |  1- 3 |  4- 6 || total
-------------------------+-------+-------++-------
Melee: Unarmed           |    95 |    85 ||   180
       Tailslap          |    11 |     8 ||    19
       Punch             |       |     2 ||     2
  Use: Scroll            |     1 |     1 ||     2
       Potion            |       |     3 ||     3
 Stab: Sleeping          |     1 |     3 ||     4
Armor: Leather armour    |    34 |    26 ||    60
Dodge: Dodged            |    42 |    56 ||    98
